 Dungeon Crawl Stone Soup version 0.27-a0-1196-g3e9cee4cb2 (webtiles) character file.

Game seed: 15551814997167821634

36 polve the Skirmisher (level 3, 0/29 HPs)
             Began as a Demonspawn Abyssal Knight on May 28, 2021.
             Was a Follower of Lugonu.
             Slain by a gnoll
             ... wielding a +0 club
              (2 damage)
             ... on level 1 of the Dungeon.
             The game lasted 00:00:58 (1388 turns).

polve the Skirmisher (Demonspawn Abyssal Knight)    Turns: 1388, Time: 00:00:59

Health: 0/29       AC:  3    Str: 13    XL:     3   Next: 19%
Magic:  4/4        EV: 11    Int: 13    God:    Lugonu [*.....]
Gold:   34         SH:  0    Dex: 12    Spells: 2/2 levels left

rFire    . . .     SeeInvis .   a - +1 short sword
rCold    . . .     Faith    .   (no shield)
rNeg     . . .     Spirit   .   b - +0 leather armour
rPois    .         Reflect  .   (no helmet)
rElec    .         Harm     .   (no cloak)
rCorr    .         Rampage  .   (no gloves)
Will     .....                  (no boots)
Stlth    +.........             (no amulet)
HPRegen  0.09/turn              (no ring)
MPRegen  0.09/turn              (no ring)

@: no status effects
A: claws 1
a: Renounce Religion, Depart the Abyss


You were on level 1 of the Dungeon.
You worshipped Lugonu.
Lugonu was aware of your devotion.
You visited 1 branch of the dungeon, and saw 1 of its levels.
You visited the Abyss 1 time.

You collected 34 gold pieces.

Inventory:

Hand Weapons
 a - a +1 short sword (weapon)
Armour
 b - a +0 leather armour (worn)


   Skills:
 - Level 3.0 Fighting
 - Level 2.5 Short Blades
 - Level 1.7 Armour
 - Level 0.8 Dodging
 + Level 1.9 Unarmed Combat
 - Level 2.4 Invocations


You had 2 spell levels left.
You didn't know any spells.
Your spell library was empty.

Dungeon Overview and Level Annotations

Branches:
Dungeon (1/15)

Altars:


Innate Abilities, Weirdness & Mutations

You have sharp fingernails.


Message History

The kobold is moderately wounded.
The kobold barely misses you.
You closely miss the kobold.
The kobold is moderately wounded.
The kobold misses you.
You hit the kobold.
The kobold is heavily wounded.
The kobold misses you.
You closely miss the kobold.
The kobold is heavily wounded.
The kobold barely misses you.
You hit the kobold.
You kill the kobold!
Lugonu accepts your kill.
You hit the hobgoblin.
The hobgoblin is severely wounded.
The hobgoblin hits you but does no damage.
You hit the hobgoblin.
The hobgoblin is almost dead.
The hobgoblin hits you but does no damage.
You hit the hobgoblin.
You kill the hobgoblin!
Lugonu accepts your kill.
You closely miss the kobold. The kobold closely misses you.
You barely miss the kobold. The kobold closely misses you.
You closely miss the kobold. The kobold hits you with a +0 dagger.
You hit the kobold but do no damage. The kobold hits you with a +0 dagger.
You hit the kobold.
The kobold is heavily wounded.
The kobold hits you but does no damage.
You hit the kobold.
You kill the kobold!
Lugonu accepts your kill.
You hit the gnoll but do no damage. The gnoll hits you with a +0 club!
You hit the gnoll.
The gnoll is lightly wounded.
The gnoll hits you with a +0 club!
* * * LOW HITPOINT WARNING * * *
The gnoll hits you with a +0 club.
You die...

#######.# #. ........#
.. ######..# ?# #..# .#
#..# .# #..# .# #..# .#
#..#########.#
####........gg@.#
.......†..[.####.......
.#####.####.# .#####.
#.# #.# .# ... #.# .#
##.# #.# .# #.# ... ..
#. ### .#


You could see a gnoll and a hobgoblin.

Vanquished Creatures
  A ball python (D:1)
  3 endoplasms (D:1)
  3 giant cockroaches (D:1)
  2 goblins (D:1)
  2 hobgoblins (D:1)
  6 jackals (D:1)
  6 kobolds (D:1)
  6 frilled lizards (D:1)
  3 rats (D:1)
32 creatures vanquished.

Vanquished Creatures (others)
  8 plants (D:1)
8 creatures vanquished.

Grand Total: 40 creatures vanquished

Notes
Turn   | Place    | Note
-------+----------+-------------------------------------------
     0 | Abyss:1  | polve the Demonspawn Abyssal Knight began the quest for the
                  | Orb.
     0 | Abyss:1  | Reached XP level 1. HP: 18/18 MP: 2/2
   238 | Abyss:1  | Noticed a chaos spawn
   239 | D:1      | Escaped the Abyss
   374 | D:1      | Reached * piety under Lugonu
   381 | D:1      | Gained mutation: You have sharp fingernails. [demonic
                  | ancestry]
   381 | D:1      | Reached XP level 2. HP: 14/24 MP: 3/3
   550 | D:1      | Reached skill level 1 in Unarmed Combat
  1165 | D:1      | Reached XP level 3. HP: 22/29 MP: 4/4
  1388 | D:1      | Slain by a gnoll

Illustrated notes

Levels and vault maps discovered:
D:1:      psy_arrival_radial01, layout_loops_ring, minmay_lizard_king

Skill      XL: |  1  2 |
---------------+-------+-----
Short Blades   | 2 |  2.5
Unarmed Combat | 1 |  1.9
Fighting       | |  3.0
Armour         | |  1.7
Dodging        | |  0.8
Invocations    | |  2.4

Action                   || total
-------------------------++-------
Melee: Short sword       ||   125
       Punch             ||     1
Invok: Depart the Abyss  ||     1
Armor: Leather armour    ||    36
Dodge: Dodged            ||    60

Table legend: (Time is in decaauts)
 A = Elapsed time spent in this place.
 B = Non-inter-level travel time spent in this place.
 C = Inter-level travel time spent in this place.
 D = Time resting spent in this place.
 E = Time spent auto-exploring this place.
 F = Levels seen in this place.
 G = Mean time per level.
                   A        B        C        D        E       F      G
               +--------+--------+--------+--------+--------+-----+--------+
         Total |   1384 |   1384 |      0 |      0 |   1165 |   2 |  692.0 |
       Dungeon |   1145 |   1145 |      0 |      0 |    927 |   1 | 1145.0 |
         Abyss |    239 |    239 |      0 |      0 |    238 |   1 |  239.0 |
               +--------+--------+--------+--------+--------+-----+--------+

Top non-repeatable levels by time:
     D:1: 1145 daAuts
 Abyss:1: 239 daAuts
